 Dungeon Crawl Stone Soup version 0.30-b1-2-g02819fbbbe (webtiles) character file.

Game seed: 14017442785367720607

8124 LLlMATKO the Protected (level 11, 0/99 HPs)
             Began as a Minotaur Berserker on Sept 2, 2023.
             Was an Elder of Trog.
             Slain by a tengu warrior
             ... wielding a +3 war axe
              (8 damage)
             ... on level 9 of the Dungeon.
             The game lasted 00:09:27 (7977 turns).

LLlMATKO the Protected (Minotaur Berserker)         Turns: 7977, Time: 00:09:27

Health: 0/99       AC: 20    Str: 25    XL:     11   Next: 5%
Magic:  10/10      EV:  9    Int:  4    God:    Trog [****..]
Gold:   532        SH: 12    Dex: 11    Spells: 10/10 levels left

rFire   . . .        s - +0 broad axe
rCold   . . .        e - +2 kite shield
rNeg    . . .        M - +0 plate armour
rPois   .            (helmet restricted)
rElec   .            v - +0 cloak
rCorr   .            i - +0 pair of gloves
SInv    .            l - +0 pair of boots
Will    .....        (no amulet) Stlth
                     (no ring)
HPRegen 0.36/turn    (no ring)
MPRegen 0.12/turn

%: no passive effects
@: on berserk cooldown, slowed, studying Armour, very slow
A: horns 2, retaliatory headbutt
a: Renounce Religion, Berserk, Trog's Hand, Brothers in Arms


You were on level 9 of the Dungeon.
You worshipped Trog.
Trog was greatly pleased with you.
You visited 1 branch of the dungeon, and saw 9 of its levels.
You also visited: Ossuary.

You collected 532 gold pieces.

Inventory:

Hand Weapons
 a - a +0 hand axe
 s - a +0 broad axe (weapon)
 G - a +1 war axe
Missiles
 b - 28 poisoned darts (quivered)
 t - 4 javelins
Armour
 e - a +2 kite shield (worn)
 i - a +0 pair of gloves (worn)
 l - a +0 pair of boots (worn)
 v - a +0 cloak (worn)
 M - a +0 plate armour (worn)
Jewellery
 C - a ring of ice
 L - a ring of fire
Wands
 g - a wand of digging (4)
 u - a wand of mindburst (3)
 w - a wand of roots (22)
 y - a wand of paralysis (16)
 A - a wand of polymorph (2)
 J - a wand of flame (9)
Scrolls
 h - a scroll of fog {unknown}
 k - 2 scrolls of enchant weapon
 m - a scroll of blinking
 p - 3 scrolls of identify
 q - 2 scrolls of teleportation
 x - 2 scrolls of magic mapping {unknown}
 I - a scroll of brand weapon {unknown}
 K - a scroll of vulnerability {unknown}
Potions
 c - 6 potions of haste
 d - 7 potions of curing {unknown}
 f - a potion of invisibility {unknown}
 j - 5 potions of might {unknown}
 n - 2 potions of brilliance {unknown}
 o - 2 potions of attraction {unknown}
 r - 6 potions of heal wounds {unknown}
 z - a potion of cancellation {unknown}
 B - a potion of mutation {unknown}
 E - a potion of ambrosia {unknown}
 F - 2 potions of flight {unknown}
 H - a potion of resistance {unknown}


   Skills:
 + Level 10.0 Fighting
 + Level 10.0 Axes
 + Level 12.1 Armour
 + Level 8.8 Dodging
 + Level 8.8 Shields


You had 10 spell levels left.
You didn't know any spells.
Your spell library was empty.

Dungeon Overview and Level Annotations

Branches:
Dungeon (9/15)             Temple (0/1) D:6            Lair (0/5) D:8
Ossuary (visited)
    Orc: D:9-12

Altars:
Ashenzari
Elyvilon
Hepliaklqana
Makhleb
Nemelex Xobeh
Okawaru
Qazlal
Trog
Uskayaw
Zin
The Shining One

Shops:
D:1 (   D:2 [   D:6 !   D:7 *


Innate Abilities, Weirdness & Mutations

You have a pair of horns on your head.
You reflexively headbutt those who attack you in melee.


Message History

You block the tengu warrior's attack.
You closely miss the tengu warrior.
You headbutt the tengu warrior, but do no damage.
The tengu warrior is almost dead.
The tengu warrior hits you with a +3 war axe.
* * * LOW HITPOINT WARNING * * *
You block the tengu warrior's attack.
The tengu warrior claws you but does no damage.
You block the tengu warrior's attack. The tengu warrior closely misses you.
The tengu warrior barely misses you.
You barely miss the tengu warrior. Your headbutt misses the tengu warrior.
The tengu warrior is almost dead.
You block the tengu warrior's attack. The tengu warrior pecks you.
* * * LOW HITPOINT WARNING * * *
You block the tengu warrior's attack. The tengu warrior barely misses you.
You furiously retaliate!
You headbutt the tengu warrior.
The tengu warrior pecks you but does no damage.
The tengu warrior claws you but does no damage.
You closely miss the tengu warrior.
The tengu warrior is almost dead.
The tengu warrior hits you with a +3 war axe.
* * * LOW HITPOINT WARNING * * *
The tengu warrior pecks you but does no damage.
You block the tengu warrior's attack.
Unknown command.
The tengu warrior blocks your attack.
The tengu warrior is almost dead.
You block the tengu warrior's attack. x2
The tengu warrior claws you but does no damage.
The tengu warrior hits you with a +3 war axe.
* * * LOW HITPOINT WARNING * * *
The tengu warrior pecks you but does no damage.
The tengu warrior claws you but does no damage.
The tengu warrior blocks your attack.
Your headbutt misses the tengu warrior.
The tengu warrior is almost dead.
You block the tengu warrior's attack.
The tengu warrior pecks you but does no damage.
You block the tengu warrior's attack.
The tengu warrior hits you with a +3 war axe!
You die...

####...........##
###..#...#>.......#
##.#...#..#.......##
#......#..........##
#.......#.#...#....###
##..#...##.....#.#....####
#...#....................# ###
##..#..........#########.##
##.##
#####.#.......#@......#..###....
#.#.......)Q.....##..#......
###.......#)}$/:)[#.........
##......#########.........
#.......................#
##....>#...............##
####....#.).............<...
##.......#.#.................
#.........##.................


You could see a tengu warrior.

Vanquished Creatures
  A centaur warrior (D:9)
  Pikel (D:5)
  A manticore (D:9)
  A rime drake (D:8)
  A slime creature (D:9)
  9 yaks
  A wraith (D:9)
  A wyvern (D:9)
  A hog (shapeshifter) (D:9)
  2 steam dragons
  A basilisk (D:9)
  3 water moccasins
  2 orc warriors
  5 ice beasts (D:8)
  2 sky beasts
  A black bear (D:6)
  A wolf (D:8)
  3 elf zombies (Ossuary)
  A kobold brigand (D:9)
  5 bullfrogs
  A scorpion (D:6)
  10 wights
  2 jellies
  A human zombie (Ossuary)
  7 orc priests
  3 hounds
  A gnoll bouda (D:7)
  3 iguanas
  Natasha (thrice) (D:3)
  12 orc wizards
  A hound zombie (Ossuary)
  5 mummies
  4 gnolls (D:7)
  13 adders
  2 white imps
  An ufetubus (D:7)
  An adder zombie (Ossuary)
  A worm (D:2)
  2 dart slugs
  27 orcs
  3 bats
  6 endoplasms
  4 giant cockroaches
  5 hobgoblins
  7 jackals
  2 quokkas (D:1)
  9 ball pythons
  5 frilled lizards
  5 goblins
  A hobgoblin zombie (Ossuary)
  A jackal zombie (Ossuary)
  8 kobolds
  3 kobold zombies (Ossuary)
  5 rats
  A rat zombie (Ossuary)
208 creatures vanquished.

Vanquished Creatures (collateral kills)
  A deep elf pyromancer (D:9)
1 creature vanquished.

Grand Total: 209 creatures vanquished

Notes
Turn   | Place    | Note
-------+----------+-------------------------------------------
     0 | D:1      | LLlMATKO the Minotaur Berserker began the quest for the
                  | Orb.
     0 | D:1      | Reached XP level 1. HP: 19/19 MP: 0/0
   119 | D:1      | Reached XP level 2. HP: 24/27 MP: 1/1
   406 | D:1      | Found Vumydo's Weapon Shoppe.
   459 | D:1      | You fall into a shaft and drop 1 floor!
   485 | D:2      | Found Ytedd's Antique Armour Emporium.
   566 | D:2      | Reached skill level 3 in Armour
   566 | D:2      | Reached XP level 3. HP: 20/33 MP: 2/2
   734 | D:2      | Reached ** piety under Trog
   766 | D:2      | Reached XP level 4. HP: 35/41 MP: 3/3
  2156 | D:3      | Found a sparkling altar of Nemelex Xobeh.
  2433 | D:3      | Reached XP level 5. HP: 47/47 MP: 4/4
  2442 | D:3      | Noticed Natasha
  2451 | D:3      | Killed Natasha
  2451 | D:3      | Reached *** piety under Trog
  2464 | D:3      | Noticed Natasha
  2472 | D:3      | Killed Natasha
  2473 | D:3      | Reached skill level 1 in Shields
  2493 | D:3      | Noticed Natasha
  2499 | D:3      | Killed Natasha
  2500 | D:3      | Reached skill level 4 in Armour
  2968 | D:4      | Reached skill level 5 in Fighting
  2973 | D:4      | Reached skill level 5 in Axes
  2973 | D:4      | Reached XP level 6. HP: 50/56 MP: 5/5
  3537 | D:5      | Entered Level 5 of the Dungeon
  3557 | D:5      | Noticed Pikel
  3566 | D:5      | Killed Pikel
  3567 | D:5      | Reached skill level 5 in Armour
  3567 | D:5      | Reached XP level 7. HP: 62/62 MP: 6/6
  4111 | D:5      | Reached skill level 5 in Dodging
  4402 | D:5      | Reached XP level 8. HP: 71/71 MP: 7/7
  4761 | D:6      | Identified a scroll of acquirement
  4761 | D:6      | Acquired a manual of Armour
  4828 | D:6      | Reached skill level 6 in Armour
  4832 | D:6      | Reached **** piety under Trog
  4896 | D:6      | Found a sand-covered staircase.
  4905 | Ossuary  | Entered an ossuary
  4925 | Ossuary  | Reached skill level 5 in Shields
  5012 | Ossuary  | Reached skill level 7 in Armour
  5172 | D:6      | Found Raetzy's Distillery.
  5277 | D:6      | Found a staircase to the Ecumenical Temple.
  5659 | D:7      | Reached XP level 9. HP: 79/79 MP: 8/8
  5775 | D:7      | Identified the +1 scale mail of Zin's Hope {rN+ Str+4
                  | Int-5}
  5841 | D:7      | Reached skill level 8 in Armour
  5865 | D:7      | Found Roaghed's Assorted Antiques.
  6206 | D:7      | Found a white marble altar of Elyvilon.
  6481 | D:8      | Reached ***** piety under Trog
  6667 | D:8      | Reached skill level 9 in Armour
  6674 | D:8      | Found a staircase to the Lair.
  6681 | D:8      | Noticed a rime drake
  6686 | D:8      | Killed a rime drake
  6860 | D:8      | Reached XP level 10. HP: 83/90 MP: 9/9
  6920 | D:8      | Reached skill level 10 in Armour
  7205 | D:9      | Noticed a deep elf pyromancer
  7205 | D:9      | Noticed a tengu warrior
  7207 | D:9      | Noticed a centaur warrior
  7213 | D:9      | Noticed a guardian serpent
  7396 | D:9      | Reached skill level 11 in Armour
  7411 | D:9      | Found a glowing golden altar of the Shining One.
  7413 | D:9      | Found an iron altar of Okawaru.
  7414 | D:9      | Found a stormy altar of Qazlal.
  7414 | D:9      | Found a burning altar of Makhleb.
  7414 | D:9      | Found a glowing silver altar of Zin.
  7414 | D:9      | Found a broken altar of Ashenzari.
  7416 | D:9      | Found a bloodstained altar of Trog.
  7416 | D:9      | Found a hide-covered altar of Uskayaw.
  7416 | D:9      | Found a hazy altar of Hepliaklqana.
  7907 | D:9      | Noticed a manticore
  7946 | D:9      | Killed a deep elf pyromancer
  7952 | D:9      | Killed a manticore
  7953 | D:9      | Killed a centaur warrior
  7954 | D:9      | Reached skill level 10 in Fighting
  7954 | D:9      | Reached skill level 10 in Axes
  7954 | D:9      | Reached skill level 12 in Armour
  7954 | D:9      | Reached XP level 11. HP: 95/99 MP: 10/10
  7977 | D:9      | Slain by a tengu warrior

Illustrated notes

Levels and vault maps discovered:
D:1:      onia_arrival_mini_maze, layout_basic, serial_shops, shop
D:2:      layout_loops_corners, serial_shops, nicolae_shop_tiny_statue_garden,
          minmay_snake_closets
D:3:      minmay_skewed_foursquare, layout_basic,
          mainiacjoe_overflow_six_doors_small, uniq_natasha
D:4:      layout_loops_ring
D:5:      layout_loops_corners, nicolae_nh_ransacked_shop, uniq_pikel
D:6:      layout_rooms, minmay_temple_entry_butterflies,
          gup_ossuary_entry_pyramid, serial_shops,
          nicolae_shop_industrial_runoff, item_on_display_a
D:7:      layout_gridville, kennysheep_mini, serial_shops,
          nicolae_shop_temple_entry_statues_fountains, chequers_arboretum,
          grunt_ministairs_10
D:8:      layout_rooms, hellmonk_lair_entry_icy
D:9:      layout_cave_pools, nicolae_overflows_in_rows,
          hangedman_decor_opposing, onia_ninara_dug_in_and_dangerous

Skill      XL: |  1  2  3  4  5  6  7  8  9 10 |
---------------+-------------------------------+-----
Axes           | 4 5 6 7 8 10 | 10.0
Fighting       | 4 5 6 7 8 10 | 10.0
Armour         | 3 4 5 7 9 12 | 12.1
Dodging        | 3 4 5 6 7 8 |  8.8
Shields        | 1 3 4 5 7 8 |  8.8

Action                     |  1- 3 |  4- 6 |  7- 9 | 10-12 || total
---------------------------+-------+-------+-------+-------++-------
  Melee: Hand axe          |    61 |   104 |    51 |       ||   216
         Headbutt          |     7 |    15 |    49 |    17 ||    88
         War axe           |       |       |    84 |       ||    84
         Broad axe         |       |       |   102 |   122 ||   224
  Throw: Dart              |       |       |    10 |       ||    10
 Invoke: Berserk           |       |     1 |     7 |     3 ||    11
         Brothers in Arms  |       |       |       |     3 ||     3
         Trog's Hand       |       |       |       |     2 ||     2
  Evoke: Wand              |       |       |       |     1 ||     1
    Use: Scroll            |       |       |    11 |       ||    11
   Stab: Sleeping          |       |     1 |       |       ||     1
 Armour: Animal skin       |    10 |       |       |       ||    10
         Chain mail        |       |    42 |   109 |    15 ||   166
         Plate armour      |       |       |       |    75 ||    75
  Dodge: Dodged            |    40 |    45 |    86 |    54 ||   225
  Block: Kite shield       |       |    16 |   112 |   113 ||   241
